Tamiflu vs Staline
(R2)
Created - 25 janvier 2015 at 19:27
Goals
|
| Tamiflu |
1 |
2 |
0 |
3 |
| Staline |
0 |
2 |
3 |
5 |
|
Shots
|
| Tamiflu |
9 |
8 |
5 |
22 |
| Staline |
7 |
14 |
15 |
36 |
|
1st period
1. Tamiflu , Greg Mauldin 35 (Petr Pohl, Jonathan Sigalet) at 16:45
Penalties :
Theo Peckham (StJ) for Kneeing (Major) at 4:00, Jordan Hendry (Det) for Hooking (Minor) at 10:52, Tyler Cuma (StJ) for Cross-checking (Minor) at 13:53, Jonathan Sigalet (Det) for Roughing (Minor) at 14:30, Alex Picard (Det) for Tripping (Minor) at 18:07
2nd period
2. Staline , Pierre-Luc Létourneau 8 (Yan Stastny, T.J. Fast) at 16:18
3. Tamiflu , Greg Mauldin 36 (Petr Pohl) at 17:29
4. Staline , Theo Peckham 5 (Cam Janssen, Yan Stastny) at 19:13 (PP)
5. Tamiflu , Greg Mauldin 37 (Petr Pohl, Jordan Hendry) at 19:23
Penalties :
Justin Braun (Det) for Hooking (Minor) at 12:05, Nathan Oystrick (Det) for Hooking (Minor) at 18:12
3rd period
6. Staline , Devin Setoguchi 34 (Andrei Loktionov) at 1:42
7. Staline , Devin Setoguchi 35 (Mason Raymond, Andrei Loktionov) at 1:58
8. Staline , Jared Boll 11 (Torey Krug) at 4:28
Penalties :
Andrei Loktionov (StJ) for Roughing (Minor) at 7:29, Yan Stastny (StJ) for Interference (Minor) at 7:35, Mike Duco (Det) for Holding (Minor) at 9:54, Rich Clune (Det) for Hooking (Minor) at 19:45
Goalie Stats
Mike McKenna (Det), 31 saves from 36 shots - (0,861), L, 18-13-2, 60:00 minutes
Joni Ortio (StJ), 19 saves from 22 shots - (0,864), W, 1-2-0, 60:00 minutes
Players Stats for Tamiflu
Player Name G A P +/- PIM S H SB GA TA FO MP PP MP PK MP
------------------------------------------------------------------------------------
Adam Henrique 0 0 0 0 0 3 0 0 0 1 3/4 10:38 0:19 0:00
Alex Picard 0 0 0 -3 2 2 1 1 0 0 0/3 23:04 3:57 4:19
Ben Hanowski 0 0 0 0 0 0 0 0 0 0 0/0 1:21 0:35 0:00
Carson Mcmillan 0 0 0 -3 0 4 4 0 0 0 0/2 20:23 3:57 2:34
Casey Wellman 0 0 0 0 0 0 0 0 0 0 0/0 0:00 0:00 0:00
Cody Goloubef 0 0 0 0 0 0 0 0 0 0 0/0 3:36 0:00 0:00
Colin Greening 0 0 0 0 0 0 0 0 0 0 1/3 6:09 0:00 0:51
Greg Mauldin 3 0 3 2 0 5 2 0 0 0 7/13 17:59 2:50 2:34
Jan Mursak 0 0 0 2 0 0 1 1 0 0 0/0 15:37 3:09 0:12
Johan Fransson 0 0 0 -1 0 0 1 1 0 0 0/0 19:06 3:03 3:22
Jonathan Sigalet 0 1 1 -1 2 1 1 1 0 2 0/0 26:56 4:37 6:04
Jordan Hendry 0 1 1 -1 2 2 2 1 1 0 0/0 26:53 4:38 4:55
Justin Braun 0 0 0 1 2 0 0 0 0 0 0/0 4:44 0:00 0:46
Kyle Lawson 0 0 0 1 0 0 0 0 0 0 0/0 10:29 0:00 1:14
Mattias Tedenby 0 0 0 0 0 0 2 0 1 0 0/1 8:39 0:00 1:53
Mike Duco 0 0 0 0 2 0 0 0 0 0 0/1 11:02 0:35 0:00
Nate Thompson 0 0 0 -3 0 2 3 0 0 2 17/33 26:03 3:57 5:18
Nathan Oystrick 0 0 0 -1 2 0 0 1 1 0 0/0 18:43 3:03 3:00
Petr Pohl 0 3 3 2 0 2 0 0 0 1 2/2 14:58 3:09 0:00
Philip Samuelsson 0 0 0 0 0 1 0 1 0 0 0/0 10:06 0:00 0:15
Philippe Dupuis 0 0 0 0 0 0 0 0 0 0 0/0 0:00 0:00 0:00
Rich Clune 0 0 0 0 2 0 1 0 0 0 0/0 12:17 0:35 1:55
Stefan Elliott 0 0 0 0 0 0 0 0 0 0 0/0 0:00 0:00 0:00
Teemu Laakso 0 0 0 0 0 0 0 0 0 0 0/0 0:00 0:00 0:00
Teigan Zahn 0 0 0 0 0 0 0 0 0 0 0/0 0:00 0:00 0:00
Players Stats for Staline
Player Name G A P +/- PIM S H SB GA TA FO MP PP MP PK MP
------------------------------------------------------------------------------------
Andrei Loktionov 0 2 2 0 2 5 1 1 0 0 14/31 19:29 5:19 0:06
Cam Janssen 0 1 1 1 0 4 3 1 0 0 0/0 17:46 4:29 1:45
Craig Rivet 0 0 0 1 0 2 1 0 0 0 0/0 23:32 3:31 4:25
Devin Setoguchi 2 0 2 0 0 4 8 0 1 0 1/3 19:58 5:02 0:00
J.T. Wyman 0 0 0 -1 0 1 0 0 0 0 0/0 8:07 0:00 0:00
James Sheppard 0 0 0 -1 0 0 0 0 0 0 0/0 7:31 0:00 0:00
Jared Boll 1 0 1 1 0 3 2 0 0 0 0/0 10:54 0:34 0:00
Mason Raymond 0 1 1 0 0 4 0 0 0 0 1/1 19:57 5:19 0:45
Mathieu Perreault 0 0 0 1 0 2 1 0 1 0 2/4 10:46 0:00 2:00
Nick Spaling 0 0 0 1 0 1 2 0 0 0 1/1 15:03 4:12 1:24
Pierre-Luc Létourneau 1 0 1 1 0 2 2 1 0 0 1/1 13:52 0:00 3:03
Stu Bickel 0 0 0 1 0 1 2 0 0 0 0/0 13:06 0:11 0:00
T.J. Fast 0 1 1 1 0 3 3 0 1 0 0/0 27:19 3:14 4:25
Theo Peckham 1 0 1 -1 5 1 0 1 0 1 0/0 14:15 3:28 0:50
Torey Krug 0 1 1 1 0 3 1 1 1 0 0/0 22:31 5:54 3:16
Tyler Cuma 0 0 0 -1 2 0 2 0 1 2 0/0 16:59 3:18 2:26
Yan Stastny 0 2 2 1 2 0 1 1 1 0 10/16 18:41 4:29 2:59
Zac Rinaldo 0 0 0 -1 0 0 2 0 0 0 2/5 9:14 0:00 1:26
3 Stars
1 - Greg Mauldin (Det)
2 - Devin Setoguchi (StJ)
3 - Petr Pohl (Det)
Power Play
Tamiflu - 0 on 4 Attempt(s) - 0,00%
Staline - 1 on 7 Attempt(s) - 14,29%
Penalty Kill
Tamiflu - 6 on 7 Attempt(s) - 85,71%
- Score 0 goal in Penalty Kill
Staline - 4 on 4 Attempt(s) - 100,00%
- Score 0 goal in Penalty Kill
Team Stat
Tamiflu - Hits : 18 - Faceoff Wins : 30 - Blocked Shots : 7 - Penalty Minutes : 14
Staline - Hits : 31 - Faceoff Wins : 32 - Blocked Shots : 6 - Penalty Minutes : 11
Official
Referees : Walkom Stephen and Pollock Kevin
Linesman : Bryan Pancich and Steve Miller
Game Notes
Greg Mauldin has scored a Hat Trick!
Tyler Cuma is injured at 19:28 of 2nd period (Broken Left Thumb)
Finance
Level 1 -- Attendance: 1386 (69,30%) -- Ticket Income 48 510 $
Level 2 -- Attendance: 821 (82,10%) -- Ticket Income 12 315 $
Total Attendance: 2207 (73,57%)
Total Ticket Income: 60 825 $
Other Income: 3 041 $
Total Income: 63 866 $
Tamiflu
5 vs 5 Forward
Center Left Wing Right Wing Time % Phy DF OF
1 Nate Thompson Alex Picard Carson Mcmillan 40 1 2 2
2 Greg Mauldin Jan Mursak Petr Pohl 30 1 2 2
3 Adam Henrique Rich Clune Mike Duco 20 1 2 2
4 Colin Greening Nate Thompson Mattias Tedenby 10 1 2 2
5 vs 5 Defense
Defense Defense Time % Phy DF OF
1 Jonathan Sigalet Jordan Hendry 40 1 2 2
2 Nathan Oystrick Johan Fransson 30 1 2 2
3 Philip Samuelsson Kyle Lawson 20 1 2 2
4 Justin Braun Cody Goloubef 10 1 2 2
PowerPlay Forward
Center Left Wing Right Wing Time % Phy DF OF
1 Nate Thompson Alex Picard Carson Mcmillan 60 1 2 2
2 Greg Mauldin Jan Mursak Petr Pohl 40 1 2 2
PowerPlay Defense
Defense Defense Time % Phy DF OF
1 Jonathan Sigalet Jordan Hendry 60 1 2 2
2 Nathan Oystrick Johan Fransson 40 1 2 2
Penalty Kill 4 Players Forward
Center Wing Time % Phy DF OF
1 Nate Thompson Alex Picard 60 1 2 2
2 Greg Mauldin Carson Mcmillan 40 1 2 2
Penalty Kill 4 Players Defense
Defense Defense Time % Phy DF OF
1 Jonathan Sigalet Jordan Hendry 60 1 2 2
2 Nathan Oystrick Johan Fransson 40 1 2 2
Penalty Kill - 3 Players Forward
Forward Time % Phy DF OF
1 Nate Thompson 60 1 2 2
2 Alex Picard 40 1 2 2
Penalty Kill - 3 Players Defense
Defense Defense Time % Phy DF OF
1 Jonathan Sigalet Jordan Hendry 60 1 2 2
2 Nathan Oystrick Johan Fransson 40 1 2 2
4 vs 4 Forward
Center Wing Time % Phy DF OF
1 Nate Thompson Alex Picard 60 1 2 2
2 Greg Mauldin Carson Mcmillan 40 1 2 2
4 vs 4 Defense
Defense Defense Time % Phy DF OF
1 Jonathan Sigalet Jordan Hendry 60 1 2 2
2 Nathan Oystrick Johan Fransson 40 1 2 2
Last Minutes Offensive
Center Left Wing Right Wing Defense Defense
Nate Thompson Alex Picard Carson Mcmillan Jonathan Sigalet Jordan Hendry
Last Minutes Defensive
Center Left Wing Right Wing Defense Defense
Nate Thompson Alex Picard Carson Mcmillan Jonathan Sigalet Jordan Hendry
Goaltenders
Starting : Mike McKenna
Backup : Thomas Greiss
Extra Forwards
Normal : Adam Henrique, Mike Duco, Mattias Tedenby - PP : Adam Henrique, Mike Duco - PK : Mattias Tedenby
Extra Defensemen
Normal : Philip Samuelsson, Kyle Lawson, Justin Braun - PP : Philip Samuelsson - PK : Kyle Lawson, Justin Braun
Penalty Shots
Nate Thompson, Alex Picard, Greg Mauldin, Carson Mcmillan, Petr Pohl
Staline
5 vs 5 Forward
Center Left Wing Right Wing Time % Phy DF OF
1 Andrei Loktionov Mason Raymond Devin Setoguchi 40 1 2 2
2 Yan Stastny Pierre-Luc Létourneau Cam Janssen 30 1 2 2
3 Mathieu Perreault Nick Spaling Jared Boll 20 1 2 2
4 Zac Rinaldo James Sheppard J.T. Wyman 10 1 2 2
5 vs 5 Defense
Defense Defense Time % Phy DF OF
1 T.J. Fast Tyler Cuma 40 1 2 2
2 Craig Rivet Stu Bickel 30 1 2 2
3 Torey Krug Theo Peckham 20 1 2 2
4 T.J. Fast Craig Rivet 10 1 2 2
PowerPlay Forward
Center Left Wing Right Wing Time % Phy DF OF
1 Andrei Loktionov Mason Raymond Devin Setoguchi 60 1 2 2
2 Yan Stastny Nick Spaling Cam Janssen 40 1 2 2
PowerPlay Defense
Defense Defense Time % Phy DF OF
1 Tyler Cuma Torey Krug 60 1 2 2
2 T.J. Fast Theo Peckham 40 1 2 2
Penalty Kill 4 Players Forward
Center Wing Time % Phy DF OF
1 Yan Stastny Pierre-Luc Létourneau 60 1 2 2
2 Mathieu Perreault Cam Janssen 40 1 2 2
Penalty Kill 4 Players Defense
Defense Defense Time % Phy DF OF
1 T.J. Fast Craig Rivet 60 1 2 2
2 Torey Krug Tyler Cuma 40 1 2 2
Penalty Kill - 3 Players Forward
Forward Time % Phy DF OF
1 Yan Stastny 60 1 2 2
2 Mathieu Perreault 40 1 2 2
Penalty Kill - 3 Players Defense
Defense Defense Time % Phy DF OF
1 T.J. Fast Craig Rivet 60 1 2 2
2 Torey Krug Tyler Cuma 40 1 2 2
4 vs 4 Forward
Center Wing Time % Phy DF OF
1 Andrei Loktionov Devin Setoguchi 60 1 2 2
2 Yan Stastny Cam Janssen 40 1 2 2
4 vs 4 Defense
Defense Defense Time % Phy DF OF
1 T.J. Fast Tyler Cuma 60 1 2 2
2 Stu Bickel Torey Krug 40 1 2 2
Last Minutes Offensive
Center Left Wing Right Wing Defense Defense
Andrei Loktionov Mason Raymond Devin Setoguchi T.J. Fast Tyler Cuma
Last Minutes Defensive
Center Left Wing Right Wing Defense Defense
Yan Stastny Pierre-Luc Létourneau Devin Setoguchi T.J. Fast Craig Rivet
Goaltenders
Starting : Joni Ortio
Backup : Tobias Stephan
Extra Forwards
Normal : Jared Boll, J.T. Wyman, Nick Spaling - PP : Jared Boll, J.T. Wyman - PK : Nick Spaling
Extra Defensemen
Normal : Torey Krug, T.J. Fast, Tyler Cuma - PP : Torey Krug - PK : Tyler Cuma, T.J. Fast
Penalty Shots
Pierre-Luc Létourneau, Devin Setoguchi, Yan Stastny, Cam Janssen, Mason Raymond
% Time on Ice - Tamiflu
Lines # - Real PCT - Wanted PCT - Time Play
Normal Forward
1 - 35% - 40% - 14:13
2 - 33% - 30% - 13:43
3 - 22% - 20% - 8:58
4 - 10% - 10% - 4:15
Normal Defense
1 - 40% - 40% - 16:23
2 - 30% - 30% - 12:11
3 - 22% - 20% - 8:59
4 - 9% - 10% - 3:36
PP Forward
1 - 59% - 60% - 4:32
2 - 41% - 40% - 3:09
PP Defense
1 - 60% - 60% - 4:38
2 - 40% - 40% - 3:03
PK Forward
1 - 74% - 60% - 7:14
2 - 26% - 40% - 2:34
PK Defense
1 - 66% - 60% - 6:26
2 - 34% - 40% - 3:22
PK3 Forward
1 - 0% - 60%
2 - 0% - 40%
PK3 Defense
1 - 0% - 60%
2 - 0% - 40%
44 Forward
1 - 65% - 60% - 0:53
2 - 35% - 40% - 0:29
44 Defense
1 - 63% - 60% - 0:52
2 - 37% - 40% - 0:30
Last Minute Offensive - 0:00
Last Minute Defensive - 0:00
Total
Forward - 60:00
Defense - 60:00
|
% Time on Ice - Staline
Lines # - Real PCT - Wanted PCT - Time Play
Normal Forward
1 - 33% - 40% - 13:30
2 - 29% - 30% - 12:07
3 - 21% - 20% - 8:46
4 - 16% - 10% - 6:46
Normal Defense
1 - 51% - 40% - 20:47
2 - 30% - 30% - 12:13
3 - 18% - 20% - 7:20
4 - 2% - 10% - 0:49
PP Forward
1 - 54% - 60% - 5:19
2 - 46% - 40% - 4:29
PP Defense
1 - 63% - 60% - 6:09
2 - 37% - 40% - 3:39
PK Forward
1 - 70% - 60% - 4:03
2 - 30% - 40% - 1:45
PK Defense
1 - 56% - 60% - 3:16
2 - 44% - 40% - 2:32
PK3 Forward
1 - 100% - 60% - 1:53
2 - 0% - 40% - 0:00
PK3 Defense
1 - 58% - 60% - 1:05
2 - 42% - 40% - 0:48
44 Forward
1 - 67% - 60% - 0:55
2 - 33% - 40% - 0:27
44 Defense
1 - 89% - 60% - 1:13
2 - 11% - 40% - 0:09
Last Minute Offensive - 0:00
Last Minute Defensive - 0:00
Total
Forward - 60:00
Defense - 60:00
|
Play by Play
1st period
0:01 of 1st period - Andrei Loktionov wins face-off versus Nate Thompson in neutral zone.
0:54 of 1st period - Backhand shot by Greg Mauldin.
0:54 of 1st period - Shot Misses the Net.
0:56 of 1st period - Slapshot by Greg Mauldin.
0:56 of 1st period - Stopped by Joni Ortio without a rebound.
0:57 of 1st period - Colin Greening wins face-off versus Zac Rinaldo in Staline zone.
1:00 of 1st period - Snap shot by Nate Thompson.
1:00 of 1st period - Stopped by Joni Ortio without a rebound.
1:01 of 1st period - Zac Rinaldo wins face-off versus Colin Greening in Staline zone.
1:16 of 1st period - Slapshot by Torey Krug.
1:16 of 1st period - Stopped by Mike McKenna without a rebound.
1:17 of 1st period - Andrei Loktionov wins face-off versus Greg Mauldin in Tamiflu zone.
1:22 of 1st period - Snap shot by Devin Setoguchi.
1:22 of 1st period - Shot Misses the Net.
1:24 of 1st period - Snap shot by Devin Setoguchi.
1:24 of 1st period - Shot Misses the Net.
1:26 of 1st period - Wrist shot by Devin Setoguchi.
1:26 of 1st period - Stopped by Mike McKenna without a rebound.
1:27 of 1st period - Andrei Loktionov wins face-off versus Greg Mauldin in Tamiflu zone.
1:28 of 1st period - Snap shot by Mason Raymond.
1:28 of 1st period - Shot Misses the Net.
1:46 of 1st period - Wrist shot by Andrei Loktionov.
1:46 of 1st period - Stopped by Mike McKenna without a rebound.
1:47 of 1st period - Pierre-Luc Létourneau wins face-off versus Nate Thompson in Tamiflu zone.
3:22 of 1st period - Off-side.
3:23 of 1st period - Adam Henrique wins face-off versus Andrei Loktionov in neutral zone.
3:38 of 1st period - Slapshot by Adam Henrique.
3:38 of 1st period - Stopped by Joni Ortio without a rebound.
3:39 of 1st period - Nate Thompson wins face-off versus Mathieu Perreault in Staline zone.
4:00 of 1st period - Major Penalty to Theo Peckham for Kneeing.
4:01 of 1st period - Yan Stastny wins face-off versus Nate Thompson in Staline zone.
4:01 of 1st period - Yan Stastny is hit by Nate Thompson.
4:14 of 1st period - Wrist shot by Nate Thompson.
4:14 of 1st period - Shot Misses the Net.
4:16 of 1st period - Snap shot by Nate Thompson.
4:16 of 1st period - Stopped by Joni Ortio with a rebound.
4:39 of 1st period - Snap shot by Cam Janssen.
4:39 of 1st period - Stopped by Mike McKenna with a rebound.
6:33 of 1st period - Icing by Jonathan Sigalet.
6:34 of 1st period - Zac Rinaldo wins face-off versus Mike Duco in Tamiflu zone.
6:57 of 1st period - Slapshot by Mike Duco.
6:57 of 1st period - Shot Misses the Net.
6:59 of 1st period - Slapshot by Jordan Hendry.
6:59 of 1st period - Stopped by Joni Ortio without a rebound.
7:00 of 1st period - Yan Stastny wins face-off versus Carson Mcmillan in Staline zone.
8:09 of 1st period - Icing by Alex Picard.
8:10 of 1st period - Nate Thompson wins face-off versus Yan Stastny in Tamiflu zone.
8:32 of 1st period - Jordan Hendry is hit by Cam Janssen and loses puck.
8:55 of 1st period - Pierre-Luc Létourneau is hit by Greg Mauldin and loses puck.
9:00 of 1st period - Penalty to Theo Peckham is over, Theo Peckham is back on ice.
9:25 of 1st period - Nate Thompson is hit by Devin Setoguchi and loses puck.
9:34 of 1st period - Kyle Lawson is hit by Devin Setoguchi and loses puck.
9:47 of 1st period - Mike Duco is hit by Mathieu Perreault and loses puck.
10:04 of 1st period - Mike Duco is hit by Zac Rinaldo and loses puck.
10:23 of 1st period - Wrist shot by Adam Henrique.
10:23 of 1st period - Stopped by Joni Ortio without a rebound.
10:24 of 1st period - Greg Mauldin wins face-off versus Andrei Loktionov in Staline zone.
10:52 of 1st period - Minor Penalty to Jordan Hendry for Hooking.
10:53 of 1st period - Andrei Loktionov wins face-off versus Nate Thompson in Tamiflu zone.
10:54 of 1st period - Snap shot by Mason Raymond.
10:54 of 1st period - Stopped by Mike McKenna with a rebound.
11:56 of 1st period - Slapshot by Greg Mauldin.
11:56 of 1st period - Deflect By Carson Mcmillan.
11:56 of 1st period - Stopped by Joni Ortio without a rebound.
11:57 of 1st period - Greg Mauldin wins face-off versus Andrei Loktionov in Staline zone.
12:52 of 1st period - Penalty to Jordan Hendry is over, Jordan Hendry is back on ice.
13:21 of 1st period - Slapshot by Mathieu Perreault.
13:21 of 1st period - Shot Misses the Net.
13:23 of 1st period - Snap shot by Mathieu Perreault.
13:23 of 1st period - Deflect By Nick Spaling.
13:23 of 1st period - Deflect By Greg Mauldin.
13:23 of 1st period - Shot Blocked by Johan Fransson.
13:23 of 1st period - Puck is out of play.
13:24 of 1st period - Yan Stastny wins face-off versus Greg Mauldin in Tamiflu zone.
13:29 of 1st period - Wrist shot by Cam Janssen.
13:29 of 1st period - Stopped by Mike McKenna without a rebound.
13:30 of 1st period - Yan Stastny wins face-off versus Nate Thompson in Tamiflu zone.
13:33 of 1st period - Wrist shot by Pierre-Luc Létourneau.
13:33 of 1st period - Shot Misses the Net.
13:41 of 1st period - Wrist shot by Cam Janssen.
13:41 of 1st period - Shot Misses the Net.
13:46 of 1st period - Off-side.
13:47 of 1st period - Petr Pohl wins face-off versus Andrei Loktionov in neutral zone.
13:53 of 1st period - Minor Penalty to Tyler Cuma for Cross-checking.
13:54 of 1st period - Yan Stastny wins face-off versus Nate Thompson in Staline zone.
14:04 of 1st period - Slapshot by Jonathan Sigalet.
14:04 of 1st period - Stopped by Joni Ortio with a rebound.
14:06 of 1st period - Slapshot by Jordan Hendry.
14:06 of 1st period - Shot Misses the Net.
14:08 of 1st period - Backhand shot by Carson Mcmillan.
14:08 of 1st period - Deflect By Alex Picard.
14:08 of 1st period - Shot Blocked by Pierre-Luc Létourneau.
14:08 of 1st period - Puck is out of play.
14:09 of 1st period - Yan Stastny wins face-off versus Alex Picard in Staline zone.
14:09 of 1st period - Yan Stastny is hit by Carson Mcmillan.
14:22 of 1st period - Craig Rivet is hit by Jonathan Sigalet.
14:30 of 1st period - Minor Penalty to Jonathan Sigalet for Roughing.
14:31 of 1st period - Nate Thompson wins face-off versus Andrei Loktionov in Tamiflu zone.
14:38 of 1st period - Wrist shot by Andrei Loktionov.
14:38 of 1st period - Stopped by Mike McKenna with a rebound.
15:42 of 1st period - T.J. Fast is hit by Carson Mcmillan and loses puck.
15:53 of 1st period - Penalty to Tyler Cuma is over, Tyler Cuma is back on ice.
15:59 of 1st period - Greg Mauldin is hit by Yan Stastny and loses puck.
16:30 of 1st period - Penalty to Jonathan Sigalet is over, Jonathan Sigalet is back on ice.
16:32 of 1st period - Jonathan Sigalet is hit by Tyler Cuma and loses puck.
16:45 of 1st period - Backhand shot by Greg Mauldin.
16:45 of 1st period - Goal by Greg Mauldin - Tamiflu : 1 - Staline : 0.
16:46 of 1st period - Nate Thompson wins face-off versus Yan Stastny in neutral zone.
17:01 of 1st period - Slapshot by Cam Janssen.
17:01 of 1st period - Shot Misses the Net.
17:55 of 1st period - Slapshot by Cam Janssen.
17:55 of 1st period - Shot Misses the Net.
18:07 of 1st period - Minor Penalty to Alex Picard for Tripping.
18:08 of 1st period - Nate Thompson wins face-off versus Andrei Loktionov in Tamiflu zone.
18:08 of 1st period - Nate Thompson is hit by Devin Setoguchi.
18:18 of 1st period - Andrei Loktionov is hit by Nate Thompson and loses puck.
Goals for this period are 1 for Tamiflu vs 0 for Staline.
Shots for this period are 9 for Tamiflu vs 7 for Staline.
2nd period
0:01 of 2nd period - Nate Thompson wins face-off versus Andrei Loktionov in neutral zone.
0:07 of 2nd period - Penalty to Alex Picard is over, Alex Picard is back on ice.
0:08 of 2nd period - Wrist shot by Nate Thompson.
0:08 of 2nd period - Shot Misses the Net.
1:35 of 2nd period - Backhand shot by Jordan Hendry.
1:35 of 2nd period - Shot Blocked by Andrei Loktionov.
2:38 of 2nd period - Slapshot by T.J. Fast.
2:38 of 2nd period - Stopped by Mike McKenna with a rebound.
3:26 of 2nd period - Rich Clune is hit by Pierre-Luc Létourneau and loses puck.
3:55 of 2nd period - Theo Peckham is hit by Johan Fransson and loses puck.
4:42 of 2nd period - Snap shot by Yan Stastny.
4:42 of 2nd period - Deflect By Cam Janssen.
4:42 of 2nd period - Stopped by Mike McKenna with a rebound.
4:44 of 2nd period - Slapshot by Pierre-Luc Létourneau.
4:44 of 2nd period - Stopped by Mike McKenna with a rebound.
4:46 of 2nd period - Slapshot by Craig Rivet.
4:46 of 2nd period - Shot Misses the Net.
4:56 of 2nd period - Petr Pohl is hit by Devin Setoguchi and loses puck.
5:29 of 2nd period - Carson Mcmillan is hit by Nick Spaling and loses puck.
7:02 of 2nd period - Mattias Tedenby is hit by Cam Janssen and loses puck.
7:17 of 2nd period - Jan Mursak is hit by Nick Spaling and loses puck.
7:22 of 2nd period - Snap shot by Nick Spaling.
7:22 of 2nd period - Stopped by Mike McKenna without a rebound.
7:23 of 2nd period - Adam Henrique wins face-off versus Mathieu Perreault in Tamiflu zone.
7:46 of 2nd period - Adam Henrique is hit by T.J. Fast and loses puck.
8:05 of 2nd period - Off-side.
8:06 of 2nd period - Nate Thompson wins face-off versus Andrei Loktionov in neutral zone.
8:11 of 2nd period - Backhand shot by Alex Picard.
8:11 of 2nd period - Shot Misses the Net.
9:10 of 2nd period - Snap shot by J.T. Wyman.
9:10 of 2nd period - Shot Blocked by Nathan Oystrick.
9:12 of 2nd period - Slapshot by Torey Krug.
9:12 of 2nd period - Stopped by Mike McKenna without a rebound.
9:13 of 2nd period - Petr Pohl wins face-off versus Zac Rinaldo in Tamiflu zone.
9:18 of 2nd period - Wrist shot by J.T. Wyman.
9:18 of 2nd period - Stopped by Mike McKenna with a rebound.
10:04 of 2nd period - Jordan Hendry is hit by Pierre-Luc Létourneau and loses puck.
10:23 of 2nd period - Wrist shot by Greg Mauldin.
10:23 of 2nd period - Shot Blocked by Cam Janssen.
10:50 of 2nd period - Slapshot by Nick Spaling.
10:50 of 2nd period - Deflect By Mathieu Perreault.
10:50 of 2nd period - Stopped by Mike McKenna without a rebound.
10:51 of 2nd period - Andrei Loktionov wins face-off versus Greg Mauldin in Tamiflu zone.
10:58 of 2nd period - Wrist shot by Petr Pohl.
10:58 of 2nd period - Stopped by Joni Ortio with a rebound.
12:03 of 2nd period - Slapshot by Jared Boll.
12:03 of 2nd period - Stopped by Mike McKenna with a rebound.
12:05 of 2nd period - Minor Penalty to Justin Braun for Hooking.
12:06 of 2nd period - Nate Thompson wins face-off versus Devin Setoguchi in Tamiflu zone.
12:23 of 2nd period - Jonathan Sigalet is hit by Andrei Loktionov and loses puck.
12:44 of 2nd period - Johan Fransson is hit by Torey Krug and loses puck.
13:56 of 2nd period - Slapshot by Jonathan Sigalet.
13:56 of 2nd period - Shot Blocked by Yan Stastny.
13:59 of 2nd period - Icing by Craig Rivet.
14:00 of 2nd period - Greg Mauldin wins face-off versus Yan Stastny in Staline zone.
14:05 of 2nd period - Penalty to Justin Braun is over, Justin Braun is back on ice.
14:05 of 2nd period - Snap shot by Greg Mauldin.
14:05 of 2nd period - Stopped by Joni Ortio with a rebound.
14:31 of 2nd period - Craig Rivet is hit by Rich Clune and loses puck.
15:12 of 2nd period - Wrist shot by Alex Picard.
15:12 of 2nd period - Shot Misses the Net.
15:14 of 2nd period - Slapshot by Alex Picard.
15:14 of 2nd period - Stopped by Joni Ortio with a rebound.
15:16 of 2nd period - Wrist shot by Alex Picard.
15:16 of 2nd period - Stopped by Joni Ortio without a rebound.
15:17 of 2nd period - Nate Thompson wins face-off versus Andrei Loktionov in Staline zone.
15:32 of 2nd period - Wrist shot by Devin Setoguchi.
15:32 of 2nd period - Shot Misses the Net.
16:14 of 2nd period - Slapshot by T.J. Fast.
16:14 of 2nd period - Stopped by Mike McKenna with a rebound.
16:16 of 2nd period - Wrist shot by Yan Stastny.
16:16 of 2nd period - Shot Misses the Net.
16:18 of 2nd period - Snap shot by Pierre-Luc Létourneau.
16:18 of 2nd period - Goal by Pierre-Luc Létourneau - Tamiflu : 1 - Staline : 1.
16:19 of 2nd period - Andrei Loktionov wins face-off versus Nate Thompson in neutral zone.
16:34 of 2nd period - Snap shot by Mason Raymond.
16:34 of 2nd period - Shot Misses the Net.
16:44 of 2nd period - Petr Pohl is hit by Tyler Cuma and loses puck.
17:03 of 2nd period - Wrist shot by J.T. Wyman.
17:03 of 2nd period - Shot Blocked by Jan Mursak.
17:05 of 2nd period - Slapshot by Craig Rivet.
17:05 of 2nd period - Stopped by Mike McKenna without a rebound.
17:06 of 2nd period - Nate Thompson wins face-off versus Zac Rinaldo in Tamiflu zone.
17:19 of 2nd period - Snap shot by James Sheppard.
17:19 of 2nd period - Shot Blocked by Alex Picard.
17:21 of 2nd period - Snap shot by Stu Bickel.
17:21 of 2nd period - Stopped by Mike McKenna without a rebound.
17:22 of 2nd period - Greg Mauldin wins face-off versus Andrei Loktionov in Tamiflu zone.
17:29 of 2nd period - Snap shot by Greg Mauldin.
17:29 of 2nd period - Goal by Greg Mauldin - Tamiflu : 2 - Staline : 1.
17:30 of 2nd period - Nate Thompson wins face-off versus Andrei Loktionov in neutral zone.
17:59 of 2nd period - Off-side.
18:00 of 2nd period - Yan Stastny wins face-off versus Nate Thompson in neutral zone.
18:12 of 2nd period - Minor Penalty to Nathan Oystrick for Hooking.
18:13 of 2nd period - Andrei Loktionov wins face-off versus Nate Thompson in Tamiflu zone.
18:39 of 2nd period - Nick Spaling is hit by Greg Mauldin and loses puck.
19:11 of 2nd period - Wrist shot by Cam Janssen.
19:11 of 2nd period - Deflect By Alex Picard.
19:11 of 2nd period - Stopped by Mike McKenna with a rebound.
19:13 of 2nd period - Slapshot by Theo Peckham.
19:13 of 2nd period - Goal by Theo Peckham - Tamiflu : 2 - Staline : 2.
19:14 of 2nd period - Greg Mauldin wins face-off versus Andrei Loktionov in neutral zone.
19:17 of 2nd period - Slapshot by Jordan Hendry.
19:17 of 2nd period - Stopped by Joni Ortio with a rebound.
19:21 of 2nd period - Wrist shot by Petr Pohl.
19:21 of 2nd period - Stopped by Joni Ortio with a rebound.
19:23 of 2nd period - Slapshot by Greg Mauldin.
19:23 of 2nd period - Goal by Greg Mauldin - Tamiflu : 3 - Staline : 2.
19:24 of 2nd period - Nate Thompson wins face-off versus Andrei Loktionov in neutral zone.
19:27 of 2nd period - Tyler Cuma is hit by Alex Picard and loses puck.
19:28 of 2nd period - Tyler Cuma from Staline is injured at 19:28 of 2nd period (Broken Left Thumb).
19:29 of 2nd period - Andrei Loktionov wins face-off versus Nate Thompson in Staline zone.
19:29 of 2nd period - Andrei Loktionov is hit by Jordan Hendry.
19:41 of 2nd period - Snap shot by Andrei Loktionov.
19:41 of 2nd period - Shot Misses the Net.
19:46 of 2nd period - Jordan Hendry is hit by Craig Rivet and loses puck.
Goals for this period are 2 for Tamiflu vs 2 for Staline.
Shots for this period are 8 for Tamiflu vs 14 for Staline.
3rd period
0:01 of 3rd period - Mason Raymond wins face-off versus Nate Thompson in neutral zone.
0:14 of 3rd period - Slapshot by Jonathan Sigalet.
0:14 of 3rd period - Deflect By Carson Mcmillan.
0:14 of 3rd period - Stopped by Joni Ortio without a rebound.
0:15 of 3rd period - Greg Mauldin wins face-off versus Yan Stastny in Staline zone.
0:18 of 3rd period - Wrist shot by Greg Mauldin.
0:18 of 3rd period - Shot Blocked by Torey Krug.
0:42 of 3rd period - Carson Mcmillan is hit by Devin Setoguchi and loses puck.
1:03 of 3rd period - Slapshot by T.J. Fast.
1:03 of 3rd period - Stopped by Mike McKenna without a rebound.
1:04 of 3rd period - Mathieu Perreault wins face-off versus Greg Mauldin in Tamiflu zone.
1:36 of 3rd period - Snap shot by Nate Thompson.
1:36 of 3rd period - Shot Misses the Net.
1:42 of 3rd period - Wrist shot by Devin Setoguchi.
1:42 of 3rd period - Goal by Devin Setoguchi - Tamiflu : 3 - Staline : 3.
1:43 of 3rd period - Andrei Loktionov wins face-off versus Nate Thompson in neutral zone.
1:46 of 3rd period - Wrist shot by T.J. Fast.
1:46 of 3rd period - Shot Misses the Net.
1:56 of 3rd period - Snap shot by Devin Setoguchi.
1:56 of 3rd period - Shot Misses the Net.
1:58 of 3rd period - Wrist shot by Devin Setoguchi.
1:58 of 3rd period - Goal by Devin Setoguchi - Tamiflu : 3 - Staline : 4.
1:59 of 3rd period - Andrei Loktionov wins face-off versus Nate Thompson in neutral zone.
2:02 of 3rd period - Slapshot by Craig Rivet.
2:02 of 3rd period - Stopped by Mike McKenna with a rebound.
2:04 of 3rd period - Slapshot by T.J. Fast.
2:04 of 3rd period - Shot Misses the Net.
2:06 of 3rd period - Wrist shot by Devin Setoguchi.
2:06 of 3rd period - Deflect By Andrei Loktionov.
2:06 of 3rd period - Shot Misses the Net.
2:06 of 3rd period - Puck is out of play.
2:07 of 3rd period - Andrei Loktionov wins face-off versus Carson Mcmillan in Tamiflu zone.
2:10 of 3rd period - Snap shot by Mason Raymond.
2:10 of 3rd period - Shot Blocked by Jordan Hendry.
2:12 of 3rd period - Snap shot by Andrei Loktionov.
2:12 of 3rd period - Stopped by Mike McKenna without a rebound.
2:13 of 3rd period - Nate Thompson wins face-off versus Andrei Loktionov in Tamiflu zone.
2:38 of 3rd period - T.J. Fast is hit by Jordan Hendry and loses puck.
2:47 of 3rd period - Snap shot by Greg Mauldin.
2:47 of 3rd period - Deflect By Petr Pohl.
2:47 of 3rd period - Shot Misses the Net.
2:47 of 3rd period - Puck is out of play.
2:48 of 3rd period - Nate Thompson wins face-off versus Andrei Loktionov in Staline zone.
2:49 of 3rd period - Wrist shot by Alex Picard.
2:49 of 3rd period - Shot Misses the Net.
2:57 of 3rd period - Snap shot by Andrei Loktionov.
2:57 of 3rd period - Stopped by Mike McKenna with a rebound.
2:59 of 3rd period - Snap shot by Andrei Loktionov.
2:59 of 3rd period - Shot Misses the Net.
3:01 of 3rd period - Wrist shot by Andrei Loktionov.
3:01 of 3rd period - Deflect By Mason Raymond.
3:01 of 3rd period - Stopped by Mike McKenna with a rebound.
3:13 of 3rd period - Johan Fransson is hit by Cam Janssen and loses puck.
3:28 of 3rd period - Craig Rivet is hit by Jan Mursak and loses puck.
3:43 of 3rd period - Mike Duco is hit by Stu Bickel and loses puck.
4:28 of 3rd period - Wrist shot by Jared Boll.
4:28 of 3rd period - Goal by Jared Boll - Tamiflu : 3 - Staline : 5.
4:29 of 3rd period - Andrei Loktionov wins face-off versus Nate Thompson in neutral zone.
4:38 of 3rd period - Snap shot by Devin Setoguchi.
4:38 of 3rd period - Stopped by Mike McKenna with a rebound.
4:40 of 3rd period - Wrist shot by Andrei Loktionov.
4:40 of 3rd period - Deflect By Devin Setoguchi.
4:40 of 3rd period - Shot Misses the Net.
4:40 of 3rd period - Puck is out of play.
4:41 of 3rd period - Andrei Loktionov wins face-off versus Nate Thompson in Tamiflu zone.
4:54 of 3rd period - Snap shot by Mason Raymond.
4:54 of 3rd period - Stopped by Mike McKenna with a rebound.
5:33 of 3rd period - Wrist shot by Nate Thompson.
5:33 of 3rd period - Deflect By Colin Greening.
5:33 of 3rd period - Shot Misses the Net.
5:33 of 3rd period - Puck is out of play.
5:34 of 3rd period - Andrei Loktionov wins face-off versus Colin Greening in Staline zone.
5:39 of 3rd period - Colin Greening is hit by Devin Setoguchi and loses puck.
6:00 of 3rd period - Nate Thompson is hit by Zac Rinaldo and loses puck.
6:23 of 3rd period - Backhand shot by Jared Boll.
6:23 of 3rd period - Stopped by Mike McKenna without a rebound.
6:24 of 3rd period - Mathieu Perreault wins face-off versus Greg Mauldin in Tamiflu zone.
6:39 of 3rd period - Snap shot by Greg Mauldin.
6:39 of 3rd period - Shot Blocked by Theo Peckham.
6:56 of 3rd period - Slapshot by Adam Henrique.
6:56 of 3rd period - Stopped by Joni Ortio with a rebound.
6:58 of 3rd period - Wrist shot by Philip Samuelsson.
6:58 of 3rd period - Stopped by Joni Ortio with a rebound.
7:10 of 3rd period - Wrist shot by Carson Mcmillan.
7:10 of 3rd period - Deflect By Theo Peckham.
7:10 of 3rd period - Shot Misses the Net.
7:10 of 3rd period - Puck is out of play.
7:11 of 3rd period - Nate Thompson wins face-off versus Yan Stastny in Staline zone.
7:22 of 3rd period - Wrist shot by Carson Mcmillan.
7:22 of 3rd period - Stopped by Joni Ortio with a rebound.
7:24 of 3rd period - Snap shot by Carson Mcmillan.
7:24 of 3rd period - Stopped by Joni Ortio without a rebound.
7:25 of 3rd period - Greg Mauldin wins face-off versus Andrei Loktionov in Staline zone.
7:29 of 3rd period - Minor Penalty to Andrei Loktionov for Roughing.
7:30 of 3rd period - Yan Stastny wins face-off versus Alex Picard in Staline zone.
7:35 of 3rd period - Minor Penalty to Yan Stastny for Interference.
7:36 of 3rd period - Nick Spaling wins face-off versus Nate Thompson in Staline zone.
7:48 of 3rd period - T.J. Fast is hit by Nate Thompson and loses puck.
9:29 of 3rd period - Penalty to Andrei Loktionov is over, Andrei Loktionov is back on ice.
9:35 of 3rd period - Penalty to Yan Stastny is over, Yan Stastny is back on ice.
9:51 of 3rd period - Snap shot by Mason Raymond.
9:51 of 3rd period - Stopped by Mike McKenna without a rebound.
9:52 of 3rd period - Adam Henrique wins face-off versus Yan Stastny in Tamiflu zone.
9:54 of 3rd period - Minor Penalty to Mike Duco for Holding.
9:55 of 3rd period - Devin Setoguchi wins face-off versus Alex Picard in Tamiflu zone.
9:55 of 3rd period - Wrist shot by Andrei Loktionov.
9:55 of 3rd period - Shot Blocked by Jonathan Sigalet.
9:57 of 3rd period - Snap shot by Devin Setoguchi.
9:57 of 3rd period - Shot Misses the Net.
9:59 of 3rd period - Slapshot by Torey Krug.
9:59 of 3rd period - Stopped by Mike McKenna with a rebound.
10:01 of 3rd period - Wrist shot by Andrei Loktionov.
10:01 of 3rd period - Stopped by Mike McKenna without a rebound.
10:02 of 3rd period - Nate Thompson wins face-off versus Andrei Loktionov in Tamiflu zone.
10:33 of 3rd period - Yan Stastny is hit by Carson Mcmillan and loses puck.
11:30 of 3rd period - Torey Krug is hit by Mattias Tedenby and loses puck.
11:37 of 3rd period - Cam Janssen is hit by Mattias Tedenby.
11:54 of 3rd period - Penalty to Mike Duco is over, Mike Duco is back on ice.
12:03 of 3rd period - Johan Fransson is hit by T.J. Fast and loses puck.
12:22 of 3rd period - Johan Fransson is hit by T.J. Fast and loses puck.
12:35 of 3rd period - Nate Thompson is hit by Stu Bickel.
13:58 of 3rd period - Alex Picard is hit by Jared Boll and loses puck.
16:43 of 3rd period - Carson Mcmillan is hit by Jared Boll and loses puck.
17:30 of 3rd period - Nick Spaling is hit by Carson Mcmillan and loses puck.
17:50 of 3rd period - Icing by Kyle Lawson.
17:51 of 3rd period - Yan Stastny wins face-off versus Mattias Tedenby in Tamiflu zone.
19:33 of 3rd period - Wrist shot by Jared Boll.
19:33 of 3rd period - Shot Misses the Net.
19:35 of 3rd period - Snap shot by Mathieu Perreault.
19:35 of 3rd period - Stopped by Mike McKenna with a rebound.
19:37 of 3rd period - Slapshot by Craig Rivet.
19:37 of 3rd period - Shot Blocked by Philip Samuelsson.
19:39 of 3rd period - Snap shot by Mathieu Perreault.
19:39 of 3rd period - Deflect By Jared Boll.
19:39 of 3rd period - Shot Misses the Net.
19:39 of 3rd period - Puck is out of play.
19:40 of 3rd period - Yan Stastny wins face-off versus Adam Henrique in Tamiflu zone.
19:43 of 3rd period - Snap shot by Pierre-Luc Létourneau.
19:43 of 3rd period - Shot Misses the Net.
19:45 of 3rd period - Minor Penalty to Rich Clune for Hooking.
19:46 of 3rd period - Nate Thompson wins face-off versus Devin Setoguchi in Tamiflu zone.
19:46 of 3rd period - Nate Thompson is hit by Devin Setoguchi.
19:52 of 3rd period - Slapshot by Jonathan Sigalet.
19:52 of 3rd period - Shot Misses the Net.
19:58 of 3rd period - Alex Picard is hit by Devin Setoguchi and loses puck.
Goals for this period are 0 for Tamiflu vs 3 for Staline.
Shots for this period are 5 for Tamiflu vs 15 for Staline.
Output by the SimonT Hockey Simulator (STHS) for François Prévost -- Original Page W3C XHTML 1.0 Valid